 Dungeon Crawl Stone Soup version 0.30-a0-614-ge5ea1257c2 (webtiles) character file.

Game seed: 11747397256821440901

1186 Oxelix the Cutter (level 8, -1/48 HPs)
             Began as a Kobold Hunter on Jan 9, 2023.
             Was a Believer of Wu Jian.
             Slain by an orc warrior
             ... wielding a +0 glaive
              (16 damage)
             ... on level 6 of the Dungeon.
             The game lasted 00:16:45 (6315 turns).

Oxelix the Cutter (Kobold Hunter)                   Turns: 6315, Time: 00:16:46

Health: -1/48      AC:  5    Str:  8    XL:     8   Next: 70%
Magic:  8/8        EV: 18    Int: 14    God:    Wu Jian [**....]
Gold:   362        SH:  0    Dex: 21    Spells: 7/7 levels left

rFire   + . .      SeeInvis .    x - +11 dagger of the Fresh God {venom, Int+4}
rCold   + . .      Faith    .    (no shield)
rNeg    . . .      Spirit   .    B - +2 robe {rC+ rF+}
rPois   .          Reflect  .    (no helmet)
rElec   .          Harm     +    g - scarf {harm}
rCorr   .          Rampage  .    (no gloves)
Will    .....                    w - +0 pair of boots
Stlth   +++++                    (no amulet)
HPRegen 0.28/turn                (no ring)
MPRegen 0.11/turn                (no ring)

@: no status effects
A: small, no large weapons, nightstalker 3
a: Renounce Religion, Wall Jump


You were on level 6 of the Dungeon.
You worshipped Wu Jian.
Wu Jian was pleased with you.
You visited 1 branch of the dungeon, and saw 6 of its levels.

You collected 362 gold pieces.

Inventory:

Hand Weapons
 a - a +0 shortbow
 e - a +0 sling
 x - the +11 dagger of the Fresh God (weapon) {venom, Int+4}
   (You found it on level 3 of the Dungeon)

   Int:       It affects your intelligence (+4).
Missiles
 l - 12 poisoned darts
 G - a throwing net
Armour
 d - a +0 cloak
 g - a scarf of harm (worn)
 w - a +0 pair of boots (worn)
 B - a +2 robe of resistance (worn)
Jewellery
 n - an amulet of regeneration
 q - a ring of flight
 y - a +5 ring of evasion
 z - a +4 ring of protection
 D - a ring of wizardry
Wands
 t - a wand of polymorph (8)
 v - a wand of flame (12)
 C - a wand of mindburst (14)
 H - a wand of paralysis (13)
Scrolls
 b - 2 scrolls of immolation
 f - a scroll of enchant armour {unknown}
 h - a scroll of fear {unknown}
 k - a scroll of vulnerability {unknown}
 m - 2 scrolls of amnesia
 o - 3 scrolls of teleportation
 u - 2 scrolls of butterflies {unknown}
 A - 3 scrolls of enchant weapon
 E - a scroll of fog
 K - a scroll of magic mapping {unknown}
Potions
 i - a potion of magic
 j - 2 potions of lignification {unknown}
 p - 4 potions of curing
 r - a potion of haste {unknown}
 s - a potion of might {unknown}
 I - a potion of attraction {unknown}
 J - 2 potions of brilliance {unknown}
Miscellaneous
 F - a piece from Xom's chessboard (15/15)


   Skills:
 - Level 3.9 Fighting
 * Level 7.6 Short Blades
 - Level 6.5 Ranged Weapons
 + Level 5.8 Dodging
 + Level 6.6 Stealth


You had 7 spell levels left.
You didn't know any spells.
Your spell library contained the following spells:

 Spells                   Type           Power      Damage    Failure   Level
 Ozocubu's Armour         Ice            0%         N/A       65%         3
 Ozocubu's Refrigeration  Ice            0%         4d7       100%        7


Dungeon Overview and Level Annotations

Branches:
Dungeon (6/15)
 Temple: D:4-7

Altars:
Wu Jian
Xom
Zin

Shops:
D:1 =   D:4 [=[=   D:5 :

Annotations:
D:6 1 transporter


Innate Abilities, Weirdness & Mutations

You are small and have problems with some larger weapons.
You are completely attuned to the shadows.


Message History

The Council accepts your kill.
An orc warrior and an orc priest come into view.
The orc priest shouts!
The orc warrior shouts!
The orc warrior hits you with a +0 glaive!!
Things that are here:
a +0 dagger; a +0 robe; an orc corpse You barely miss the orc warrior.
The orc priest invokes the aid of Beogh against you.
Beogh smites you!
* * * LOW HITPOINT WARNING * * *
The orc warrior barely misses you.
You hit the orc priest.
The orc priest is poisoned.
The orc priest is lightly wounded.
You puncture the orc priest!
You kill the orc priest!
The Council accepts your kill.
You hear a bark!
A hound comes into view.
A white imp comes into view.
The orc warrior misses you.
The white imp shouts, "Escape, thou tottering tardy-gaited death-token!"
You barely miss the orc warrior.
The orc warrior hits you with a +0 glaive!
* * * LOW HITPOINT WARNING * * *
Blink to where?
Press: ? - help, Dir - move target
As you read the scroll of blinking, it crumbles to dust.
You feel better. The hound attacks as you move away! The hound misses you.
The hound bites you but does no damage. The hound misses you.
The hound attacks as you move away! The hound barely misses you.
The hound completely misses you.
You hit the hound.
The hound is heavily wounded.
The hound bites you.
* * * LOW HITPOINT WARNING * * *
You closely miss the hound.
The hound is heavily wounded.
The orc warrior hits you from afar with a +0 glaive!
You die...

. g#≈≈..§)#
#.###≈≈..#....
#.#..≈≈.####.# #.##.≈≈.#
# #.©#.≈≈.# #.# #.##.≈≈5#
#.# #.#..≈≈o# #.#
+.#©.~~h####.###########
#.#..≈≈@................
##.##.≈≈..###.###########
P#..#.≈≈.###...## #
.+.##.≈≈.##.....# #
P#.#..≈≈.###...## #
##.###≈≈.# ##.## # ..
.#≈≈.# #.# # # . ≈≈.# #.#
# g#≈≈.# ##+## #


You could see an orc warrior, a hound and a white imp.

Vanquished Creatures
  2 ice beasts
  An ogre (D:5)
  A phantom (D:4)
  2 scorpions
  A gnoll sergeant (D:5)
  A howler monkey (D:4)
  2 jellies
  2 hounds (D:4)
  2 orc priests
  2 iguanas
  4 orc wizards
  Robin (D:2)
  12 adders
  2 gnolls (D:5)
  3 white imps (D:5)
  An ufetubus (D:4)
  A worm (D:3)
  2 dart slugs
  13 orcs
  9 ball pythons
  13 endoplasms
  5 giant cockroaches
  9 goblins
  12 hobgoblins
  6 jackals
  8 quokkas
  3 bats
  4 frilled lizards
  9 kobolds
  A butterfly (D:4)
134 creatures vanquished.

Notes
Turn   | Place    | Note
-------+----------+-------------------------------------------
     0 | D:1      | Oxelix the Kobold Hunter began the quest for the Orb.
     0 | D:1      | Reached XP level 1. HP: 12/12 MP: 1/1
   176 | D:1      | Reached XP level 2. HP: 16/18 MP: 2/2
   461 | D:1      | Reached XP level 3. HP: 22/22 MP: 3/3
   678 | D:1      | Found Xian's Jewellery Boutique.
  1369 | D:2      | Noticed Robin
  1387 | D:2      | Reached XP level 4. HP: 24/27 MP: 4/4
  1387 | D:2      | Killed Robin
  2177 | D:3      | Reached XP level 5. HP: 32/32 MP: 5/5
  2206 | D:3      | Identified the +11 dagger of the Fresh God {venom, Int+4}
  2239 | D:3      | Found an ornate altar of the Wu Jian Council.
  2251 | D:3      | Became a worshipper of the Wu Jian Council
  2701 | D:3      | Noticed an ice beast
  2705 | D:3      | Killed an ice beast
  2706 | D:3      | Reached skill level 2 in Short Blades
  2706 | D:3      | Reached XP level 6. HP: 37/37 MP: 6/6
  2766 | D:3      | Reached skill level 3 in Short Blades
  3514 | D:4      | Reached skill level 4 in Short Blades
  3514 | D:4      | Reached XP level 7. HP: 19/42 MP: 7/7
  3769 | D:4      | Found a glowing silver altar of Zin.
  3832 | D:4      | Reached * piety under Wu Jian
  4019 | D:4      | Reached skill level 5 in Short Blades
  4070 | D:4      | Reached skill level 5 in Stealth
  4176 | D:4      | Found Hages's Armour Boutique.
  4176 | D:4      | Found Oghushit's Jewellery Emporium.
  4183 | D:4      | Found Voddecs's Antique Armour Boutique.
  4183 | D:4      | Found Ebytz's Jewellery Emporium.
  4245 | D:4      | Found a shimmering altar of Xom.
  4596 | D:5      | Entered Level 5 of the Dungeon
  4664 | D:5      | Reached XP level 8. HP: 48/48 MP: 8/8
  4674 | D:5      | Reached skill level 6 in Short Blades
  4674 | D:5      | Reached skill level 5 in Dodging
  4701 | D:5      | HP: 1/48 [gnoll sergeant/+0 trident (15)]
  4962 | D:5      | Reached ** piety under Wu Jian
  5197 | D:5      | Found Asejuon's Book Emporium.
  5529 | D:5      | Reached skill level 7 in Short Blades
  6155 | D:6      | Identified the +3 spear of War {venom, Str+4 Int+4}
  6272 | D:6      | Found a transporter.
  6315 | D:6      | Slain by an orc warrior

Illustrated notes

Levels and vault maps discovered:
D:1:      scummos_arrival_checkerplants, layout_basic, serial_shops,
          nicolae_shop_stone
D:2:      layout_basic, uniq_robin
D:3:      layout_basic, nicolae_wu_jian_wuxing_cycle, serial_rivers,
          chequers_serial_rivers_large_b, chequers_serial_rivers_large_a,
          chequers_serial_rivers_micro_c, chequers_serial_rivers_micro_a,
          chequers_serial_rivers_marsh, chequers_serial_rivers_micro_c
D:4:      layout_basic, xom_butterflies, zin_scriptorium,
          nicolae_wooded_promenade, feat_on_display
D:5:      layout_layer_cave, serial_shops, shop
D:6:      layout_loops_corners, general_overflow_altar,
          gammafunk_ghost_gnarly_gnolls, corexii_corridor_pit

Skill      XL: |  1  2  3  4  5  6  7  8 |
---------------+-------------------------+-----
Stealth        | 2 3 4 5 6 |  6.6
Ranged Weapons | 6 |  6.5
Fighting       | 3 |  3.9
Dodging        | 3 4 5 |  5.8
Short Blades   | 2 4 5 7 |  7.6

Action                   |  1- 3 |  4- 6 |  7- 9 || total
-------------------------+-------+-------+-------++-------
Melee: Dagger            |       |    57 |    91 ||   148
 Fire: Shortbow          |    78 |    34 |       ||   112
       Sling             |    14 |     1 |       ||    15
Invok: Lunge             |       |    11 |    24 ||    35
       Whirlwind         |       |       |     3 ||     3
 Abil: Wall Jump         |       |       |     3 ||     3
  Use: Scroll            |       |       |     8 ||     8
       Potion            |       |       |     1 ||     1
 Stab: Sleeping          |       |     8 |    24 ||    32
       Distracted        |       |     1 |     1 ||     2
Armor: Leather armour    |    11 |     6 |       ||    17
       Robe              |       |     5 |     6 ||    11
Dodge: Dodged            |    45 |    33 |    45 ||   123

Table legend: (Time is in decaauts)
 A = Elapsed time spent in this place.
 B = Non-inter-level travel time spent in this place.
 C = Inter-level travel time spent in this place.
 D = Time resting spent in this place.
 E = Time spent auto-exploring this place.
 F = Levels seen in this place.
 G = Mean time per level.
                   A        B        C        D        E       F      G
               +--------+--------+--------+--------+--------+-----+--------+
         Total |   6405 |   6056 |    349 |    574 |   4606 |   6 | 1067.5 |
       Dungeon |   6405 |   6056 |    349 |    574 |   4606 |   6 | 1067.5 |
               +--------+--------+--------+--------+--------+-----+--------+

Top non-repeatable levels by time:
     D:5: 1519 daAuts
     D:3: 1365 daAuts
     D:2: 1130 daAuts
     D:4: 1125 daAuts
     D:1: 1072 daAuts
     D:6: 191 daAuts
